 Dungeon Crawl Stone Soup version 0.30-a0-377-g5cb311bc9f (webtiles) character file.

Game seed: 9274786429106180859

130 sleeves the Insei (level 4, -6/32 HPs)
             Began as a Demonspawn Transmuter on Nov 28, 2022.
             Mangled by a river rat (9 damage)
             ... in a sewer.
             The game lasted 00:02:19 (2165 turns).

sleeves the Insei (Demonspawn Transmuter)           Turns: 2165, Time: 00:02:20

Health: -6/32      AC:  2    Str: 12    XL:     4   Next: 90%
Magic:  6/7        EV: 12    Int: 15    God:
Gold:   61         SH:  0    Dex: 13    Spells: 6/7 levels left

rFire   . . .      SeeInvis .      - Unarmed
rCold   + . .      Faith    .    (no shield)
rNeg    . . .      Spirit   .    a - +0 robe
rPois   .          Reflect  .    (helmet currently unavailable)
rElec   .          Harm     .    (no cloak)
rCorr   .          Rampage  .    (no gloves)
Will    .....                    (boots currently unavailable)
Stlth   +.........               (no amulet)
HPRegen 0.25/turn                g - ring of protection from cold
MPRegen 0.10/turn                (no ring)

@: appendages
A: talons 2, horns 2, demonic guardian 1
a: End Transformation


You were in a sewer.
You had temporarily grown beastly talons.
You visited 1 branch of the dungeon, and saw 3 of its levels.
You also visited: Sewer.

You collected 61 gold pieces.

Inventory:

Armour
 a - a +0 robe (worn)
Jewellery
 g - a ring of protection from cold (left hand)
   (You found it on level 2 of the Dungeon)
Scrolls
 e - 3 scrolls of noise {unknown}
 h - 4 scrolls of identify {unknown}
 i - a scroll of amnesia {unknown}
 j - a scroll of fear {unknown}
 k - a scroll of enchant weapon {unknown}
 l - a scroll of teleportation {unknown}
Potions
 b - 2 potions of lignification
 c - a potion of curing {unknown}
 d - a potion of haste {unknown}
 f - a potion of magic {unknown}


   Skills:
 - Level 1.0 Fighting
 - Level 1.7 Dodging
 + Level 5.1 Unarmed Combat
 - Level 2.0 Spellcasting
 - Level 1.7 Transmutations


You had 6 spell levels left.
You knew the following spells:

 Your Spells              Type           Power      Damage    Failure   Level
a - Beastly Appendage     Tmut           12%        N/A       11%         1

Your spell library contained the following spells:

 Spells                   Type           Power      Damage    Failure   Level
 Wereblood                Tmut           6%         N/A       16%         2
 Spider Form              Tmut/Pois      4%         N/A       43%         3
 Ozocubu's Armour         Ice            1%         N/A       54%         3
 Ice Form                 Ice/Tmut       4%         N/A       83%         4
 Metabolic Englaciation   Hex/Ice        0%         N/A       99%         5
 Simulacrum               Ice/Necr       0%         N/A       100%        6


Dungeon Overview and Level Annotations

Branches:
Dungeon (3/15)              Sewer (1/1)

Altars:

Shops:
D:2 :


Innate Abilities, Weirdness & Mutations

You have temporarily grown beastly talons.
You have a pair of horns on your head.
A weak demonic guardian rushes to your aid.


Message History

The hobgoblin is lightly wounded.
The hobgoblin hits you.
You hit the hobgoblin but do no damage.
The hobgoblin is lightly wounded.
The hobgoblin closely misses you.
You closely miss the hobgoblin.
The hobgoblin is lightly wounded.
The hobgoblin barely misses you.
You barely miss the hobgoblin.
The hobgoblin is lightly wounded.
The hobgoblin barely misses you.
You hit the hobgoblin.
You kill the hobgoblin!
No target in view!
No target in view!
No target in view!
HP restored.
You see here a +0 chain mail.
As you open the door, it creaks loudly!
Found a stone staircase leading down.
h - 2 scrolls labelled HEDUICYFUO (gained 1)
Found an escape hatch in the floor.
You open the door.
Found a stone staircase leading down.
An endoplasm comes into view.
The endoplasm quivers.
There is an open door here.
An endoplasm is nearby!
An endoplasm is nearby!
The endoplasm barely misses you.
There is a stone staircase leading down here.
You hit the endoplasm but do no damage. The endoplasm hits you.
You hit the endoplasm but do no damage. The endoplasm barely misses you.
You hit the endoplasm but do no damage. Your headbutt misses the endoplasm.
You punch the endoplasm.
The endoplasm is heavily wounded.
The endoplasm freezes you.
You are frozen.
You resist.
You hit the endoplasm.
You kill the endoplasm!
No target in view!
No target in view!
No target in view!
No target in view!
Found a leather armour.
A dart slug comes into view.
A dart slug is nearby!
You barely miss the dart slug. You headbutt the dart slug.
You punch the dart slug, but do no damage.
The dart slug is moderately wounded.
The dart slug launches a dart at you. The slug dart hits you.
You hit the dart slug.
The dart slug is moderately wounded.
You hit the dart slug.
You headbutt the dart slug, but do no damage.
The dart slug is heavily wounded.
The dart slug barely misses you.
You hit the dart slug.
The dart slug is severely wounded.
The dart slug completely misses you.
You hit the dart slug.
You kill the dart slug!
No target in view!
No target in view!
No target in view!
No target in view!
b - 2 potions of lignification (gained 1)
A hobgoblin comes into view.
The hobgoblin shouts!
A hobgoblin is nearby!
A hobgoblin is nearby!
A bat comes into view.
You hit the hobgoblin.
The hobgoblin is almost dead.
The bat misses you. The hobgoblin barely misses you.
You hit the hobgoblin but do no damage. Your headbutt misses the hobgoblin.
The hobgoblin is almost dead.
The bat closely misses you. The hobgoblin closely misses you.
You hit the hobgoblin.
You kill the hobgoblin!
The bat hits you but does no damage.
A bat is nearby!
The bat closely misses you. The bat hits you but does no damage.
The bat closely misses you.
You barely miss the bat. The bat hits you but does no damage.
The bat closely misses you.
You hit the bat.
You kill the bat!
No target in view!
No target in view!
No target in view!
No target in view!
No target in view!
As you open the door, it creaks loudly!
A kobold comes into view. It is wielding a +0 dagger.
The kobold shouts!
Found a scroll labelled DOODGH OPTIRUQ.
A kobold is nearby!
A kobold is nearby!
A kobold is nearby!
You hit the kobold.
The kobold is severely wounded.
The kobold hits you but does no damage.
You closely miss the kobold.
The kobold is severely wounded.
The kobold hits you with a +0 dagger.
You hit the kobold but do no damage. Your headbutt misses the kobold.
The kobold is severely wounded.
The kobold hits you with a +0 dagger.
You barely miss the kobold.
The kobold is severely wounded.
The kobold hits you with a +0 dagger.
You hit the kobold.
You kill the kobold!
No target in view!
No target in view!
No target in view!
No target in view!
No target in view!
No target in view!
Found a mace.
There is an open door here.
Things that are here:
a +0 dagger; 5 stones; a kobold corpse
e - 3 scrolls labelled DOODGH OPTIRUQ (gained 1)
A ball python comes into view.
The ball python hisses angrily.
A ball python is nearby!
A ball python is nearby!
You hit the ball python.
The ball python is moderately wounded.
The ball python barely misses you. The ball python grabs you.
The ball python constricts you.
You barely miss the ball python. You headbutt the ball python.
You kill the ball python!
No target in view!
No target in view!
No target in view!
No target in view!
No target in view!
No target in view!
No target in view!
No target in view!
A quokka comes into view.
A quokka is nearby!
A quokka is nearby!
A quokka is nearby!
You hit the quokka.
You kill the quokka!
No target in view!
No target in view!
No target in view!
No target in view!
No target in view!
No target in view!
No target in view!
No target in view!
No target in view!
No target in view!
A frilled lizard comes into view.
A frilled lizard is nearby!
A frilled lizard is nearby!
The frilled lizard hisses angrily.
The frilled lizard bites you.
You closely miss the frilled lizard. The frilled lizard barely misses you.
You barely miss the frilled lizard. The frilled lizard barely misses you.
You barely miss the frilled lizard.
You headbutt the frilled lizard, but do no damage.
Your punch misses the frilled lizard. The frilled lizard bites you.
You hit the frilled lizard.
You kill the frilled lizard!
No target in view!
No target in view!
No target in view!
No target in view!
No target in view!
You see here a frilled lizard corpse.
A kobold comes into view. It is wielding a +0 dagger.
A kobold is nearby!
The kobold shouts!
The kobold throws a stone.
The stone closely misses you.
You barely miss the kobold. The kobold closely misses you.
You hit the kobold.
You kill the kobold!
No target in view!
No target in view!
No target in view!
No target in view!
No target in view!
No target in view!
No target in view!
No target in view!
No target in view!
No target in view!
Things that are here:
a +0 dagger; 4 stones You open the door.
There is an open door here.
A hobgoblin comes into view.
A hobgoblin is nearby!
The hobgoblin closely misses you.
You hit the hobgoblin but do no damage.
The hobgoblin hits you but does no damage.
You hit the hobgoblin.
The hobgoblin is severely wounded.
The hobgoblin completely misses you.
You hit the hobgoblin.
You kill the hobgoblin!
You have reached level 3!
Your experience leads to an increase in your attributes!
Increase (S)trength, (I)ntelligence, or (D)exterity?
You feel stronger. x2; Your demonic ancestry asserts itself...
The horns on your head grow some more.
j - a scroll labelled SUTOKO LEVOCWO You open the door.
A rat comes into view.
A rat is nearby!
A rat is nearby!
A jackal comes into view.
The jackal barks!
You hear an angry hiss.
A jackal comes into view. x2
The jackal moves out of view.
There is an open door here.
A quokka and a jackal come into view.
The jackal barks!
The jackal barks!
You hit the rat.
You kill the rat!
The quokka barely misses you.
You hit the quokka.
The quokka is moderately wounded.
The quokka misses you. The jackal completely misses you.
You barely miss the quokka. You headbutt the quokka.
You kill the quokka!
The jackal closely misses you.
You hit the jackal.
You kill the jackal!
The jackal closely misses you.
You barely miss the jackal. The jackal misses you. The jackal bites you.
You hit the jackal but do no damage.
The jackal bites you but does no damage.
The jackal closely misses you.
You closely miss the jackal. The jackal bites you.
The jackal barely misses you.
You hit the jackal. You punch the jackal.
The jackal is almost dead.
The jackal barely misses you.
The jackal bites you but does no damage.
You hit the jackal.
You kill the jackal!
The jackal barely misses you. The jackal bites you.
The jackal closely misses you. The jackal attacks as you move away!
The jackal closely misses you.
A ball python comes into view.
There is an open door here.
The jackal attacks as you move away! The jackal completely misses you.
You hit the jackal.
The jackal is almost dead.
The jackal bites you. The jackal misses you.
The ball python hisses angrily.
You hit the jackal.
You kill the jackal!
The jackal bites you.
You hit the jackal. Your headbutt misses the jackal.
The jackal is moderately wounded.
The jackal barely misses you.
You closely miss the jackal.
The jackal is moderately wounded.
The jackal bites you but does no damage.
You hit the jackal but do no damage.
The jackal is moderately wounded.
The jackal bites you.
You closely miss the jackal. Your headbutt misses the jackal.
The jackal is moderately wounded.
The jackal closely misses you. The jackal misses you.
You hit the jackal.
You headbutt the jackal, but do no damage.
The jackal is heavily wounded.
The jackal bites you but does no damage.
You hit the jackal. You headbutt the jackal.
You kill the jackal!
Your Unarmed Combat skill increases to level 4!
You barely miss the ball python. The ball python closely misses you.
The ball python misses you.
You closely miss the ball python. The ball python barely misses you. x2
The ball python bites you. The ball python barely misses you.
You are too injured to fight recklessly!
You are too injured to fight recklessly!
You are too injured to fight recklessly!
You are too injured to fight recklessly!
You are too injured to fight recklessly!
You are too injured to fight recklessly!
You are too injured to fight recklessly!
You are too injured to fight recklessly!
You are too injured to fight recklessly!
You are too injured to fight recklessly!
You are too injured to fight recklessly!
You are too injured to fight recklessly!
You hit the ball python.
You kill the ball python!
There is an open door here.
Unknown command.
Unknown command.
Unknown command.
You see here a quokka corpse.
k - a scroll labelled VOREUM XAULY An endoplasm comes into view.
The endoplasm quivers.
An endoplasm is nearby!
An endoplasm is nearby!
You hit the endoplasm. You headbutt the endoplasm.
You kill the endoplasm!
No target in view!
No target in view!
No target in view!
No target in view!
No target in view!
No target in view!
You open the door.
There is an open door here.
There is a stone staircase leading down here.
There is an open door here.
You see here a +0 dagger.
You see here a +0 chain mail.
There is an open door here.
You open the door.
There is an open door here.
There is an open door here.
There is an open door here.
You see here a +0 chain mail.
Key pressed, stopping explore.
Done exploring.
Unknown command.
Unknown command.
Done exploring.
Done exploring.
Done exploring.
(D) Dungeon
Where to? (Enter - D:1, ? - help)
There is a stone staircase leading down here.
You climb downwards.
Found a club.
Found a stone staircase leading down.
There is a stone staircase leading up here.
A bat is nearby!
A bat is nearby!
A bat is nearby!
The bat hits you but does no damage.
You hit the bat.
You kill the bat!
No target in view!
No target in view!
No target in view!
No target in view!
No target in view!
No target in view!
No target in view!
No target in view!
You see here a +0 club.
You now have 50 gold pieces (gained 10).
A ball python comes into view.
A ball python is nearby!
A ball python is nearby!
A hobgoblin comes into view.
The hobgoblin shouts!
The ball python hisses angrily.
The hobgoblin misses you.
You hit the hobgoblin. You headbutt the hobgoblin.
The hobgoblin is moderately wounded.
The hobgoblin hits you but does no damage.
You hit the hobgoblin.
The hobgoblin is heavily wounded.
The hobgoblin hits you but does no damage.
The ball python bites you. The ball python closely misses you.
You hit the hobgoblin.
You kill the hobgoblin!
The ball python closely misses you. The ball python grabs you.
The ball python constricts you.
You hit the ball python.
The ball python is moderately wounded.
The ball python bites you. The ball python constricts you.
You barely miss the ball python.
The ball python is moderately wounded.
The ball python barely misses you. The ball python constricts you.
You hit the ball python.
You kill the ball python!
No target in view!
No target in view!
No target in view!
No target in view!
No target in view!
HP restored.
You now have 61 gold pieces (gained 11).
You open the door.
You see here 3 stones.
You open the door.
There is an open door here.
A frilled lizard comes into view.
A frilled lizard is nearby!
You miss the frilled lizard.
Your headbutt misses the frilled lizard.
The frilled lizard closely misses you.
You barely miss the frilled lizard.
Your headbutt misses the frilled lizard.
The frilled lizard barely misses you.
You barely miss the frilled lizard.
Your headbutt misses the frilled lizard.
The frilled lizard misses you.
You barely miss the frilled lizard. You hit the frilled lizard.
You kill the frilled lizard!
No target in view!
No target in view!
No target in view!
No target in view!
No target in view!
There is an open door here.
There is a stone staircase leading down here.
An adder comes into view.
An adder is nearby!
The adder hisses angrily.
The adder bites you.
You barely miss the adder. The adder barely misses you.
You hit the adder.
The adder is heavily wounded.
The adder misses you.
You punch the adder!
You kill the adder!
No target in view!
No target in view!
No target in view!
No target in view!
No target in view!
No target in view!
No target in view!
There is a stone staircase leading down here.
An adder comes into view.
An adder is nearby!
The adder hisses angrily.
You closely miss the adder. You headbutt the adder!
The adder is severely wounded.
The adder barely misses you.
You miss the adder.
The adder is severely wounded.
The adder bites you.
You are poisoned.
The adder poisons you!
You closely miss the adder.
The adder is severely wounded.
You feel sick. The adder barely misses you.
You punch the adder!
You kill the adder!
You feel sick.
No target in view!
No target in view!
No target in view!
No target in view!
No target in view!
No target in view!
No target in view!
You feel sick.
You feel sick.
You feel sick.
You feel sick.
You feel sick.
You are no longer poisoned.
A rat comes into view.
A rat is nearby!
A rat is nearby!
You hit the rat.
You kill the rat!
No target in view!
No target in view!
No target in view!
No target in view!
No target in view!
No target in view!
An adder comes into view.
An adder is nearby!
Found a scroll labelled HEDUICYFUO.
You hit the adder. Your headbutt misses the adder.
The adder is moderately wounded.
The adder barely misses you.
You barely miss the adder.
The adder is moderately wounded.
The adder bites you. x2
You barely miss the adder.
The adder is moderately wounded.
The adder barely misses you.
You miss the adder.
The adder is moderately wounded.
The adder bites you.
You closely miss the adder.
The adder is moderately wounded.
The adder bites you.
You are too injured to fight recklessly!
You are too injured to fight recklessly!
You are too injured to fight recklessly!
You are too injured to fight recklessly!
You are too injured to fight recklessly!
You are too injured to fight recklessly!
You are too injured to fight recklessly!
You are too injured to fight recklessly!
You are too injured to fight recklessly!
You are too injured to fight recklessly!
An adder is nearby!
You hit the adder but do no damage. You headbutt the adder.
The adder is almost dead.
The adder barely misses you.
Casting: Beastly Appendage (safe; 12% risk of failure)
Confirm with . or Enter, or press ? or * to list all spells.
Your feet morph into talons.
The adder bites you. The adder barely misses you.
You punch the adder!
You kill the adder!
You have reached level 4!
You feel clever.
Your demonic ancestry asserts itself...
You feel the presence of a demonic guardian.
Your transformation is almost over.
Your talons disappear.
Magic restored.
Found a stone staircase leading down.
h - 3 scrolls labelled HEDUICYFUO (gained 1)
You open the door.
There is an open door here.
Found Addaog's Book Shop.
There is an open door here.
A goblin comes into view. It is wielding a +0 dagger.
No reachable target in view!
No reachable target in view!
No reachable target in view!
No reachable target in view!
No reachable target in view!
No reachable target in view!
No reachable target in view!
No reachable target in view!
No reachable target in view!
A goblin is nearby!
Found a stone staircase leading up.
You hit the goblin.
You kill the goblin!
l - a scroll labelled MAYLAO YNIGOCO You see here a +0 dagger.
There is an entrance to Addaog's Book Shop here.
You see here a +0 dagger.
A rat comes into view.
A rat is nearby!
A rat is nearby!
A dart slug comes into view.
The rat misses you.
You closely miss the rat. The rat bites you.
You hit the rat. Your headbutt misses the rat.
The rat is heavily wounded.
The rat bites you but does no damage.
You barely miss the rat.
The rat is heavily wounded.
The rat barely misses you.
You barely miss the rat. Your headbutt misses the rat.
The rat is heavily wounded.
The rat closely misses you.
You closely miss the rat. You headbutt the rat.
You kill the rat!
You see here a rat corpse.
The dart slug launches a dart at you. The slug dart hits you.
You hit the dart slug.
The dart slug is moderately wounded.
A dart slug is nearby!
A dart slug is nearby!
You hit the dart slug.
The dart slug is severely wounded.
The dart slug closely misses you.
You hit the dart slug but do no damage. You headbutt the dart slug.
You kill the dart slug!
No target in view!
No target in view!
No target in view!
No target in view!
No target in view!
No target in view!
No target in view!
A ball python comes into view.
A ball python is nearby!
A ball python is nearby!
The ball python hisses angrily.
The ball python closely misses you. The ball python grabs you.
The ball python constricts you.
You closely miss the ball python.
The ball python bites you but does no damage.
The ball python constricts you. The ball python bites you.
The ball python constricts you.
You closely miss the ball python. Your headbutt misses the ball python.
The ball python bites you but does no damage.
The ball python constricts you.
You hit the ball python. Your headbutt misses the ball python.
The ball python is severely wounded.
The ball python bites you. The ball python constricts you.
You hit the ball python.
You kill the ball python!
No target in view!
No target in view!
No target in view!
You see here a ball python corpse.
Done exploring.
Done exploring.
Done exploring.
No target in view!
No target in view!
No target in view!
No target in view!
No target in view!
No target in view!
No target in view!
No target in view!
Done exploring.
Done exploring.
(D) Dungeon
Where to? (Enter - D:2, ? - help)
There is a stone staircase leading down here.
You climb downwards.
You hear the sound of rushing water.
There is an entrance to a sewer on this level.
Hurry and find it before the portal rusts away!
The jackal barks!
You hear a bark!
There is a stone staircase leading up here.
A jackal comes into view.
Found a stone staircase leading up.
Casting: Beastly Appendage (safe; 11% risk of failure)
Confirm with . or Enter, or press ? or * to list all spells.
Your feet morph into talons.
The orc shouts!
There is a stone staircase leading up here.
You hit the jackal but do no damage. The jackal closely misses you.
You hit the jackal.
The jackal is almost dead.
The jackal misses you.
You hit the jackal.
You kill the jackal!
Your transformation is almost over.
The jackal barely misses you.
You hit the jackal. You claw the jackal.
You kill the jackal!
You swing at nothing.
A jackal comes into view.
The jackal barks!
You hit the orc. Your kick misses the orc.
The orc is moderately wounded.
The orc closely misses you.
You punch the orc!
You kill the orc!
You swing at nothing.
You swing at nothing.
You swing at nothing.
The jackal barely misses you.
You hit the jackal. Your headbutt misses the jackal.
The jackal is almost dead.
The jackal barely misses you.
You barely miss the jackal. You claw the jackal.
You kill the jackal!
Your talons disappear.
You swing at nothing.
You swing at nothing.
You swing at nothing.
You swing at nothing.
You swing at nothing.
You swing at nothing.
You swing at nothing.
Unknown command.
Items here: ) ††††.
h - 4 scrolls labelled HEDUICYFUO (gained 1)
Found a robe.
An endoplasm comes into view.
An endoplasm is nearby!
An endoplasm is nearby!
The endoplasm quivers.
A rat comes into view.
A hobgoblin comes into view.
Found a glowing drain.
You hit the endoplasm. You punch the endoplasm.
You kill the endoplasm!
The hobgoblin shouts!
You hit the hobgoblin.
You kill the hobgoblin!
A worm comes into view.
The rat misses you.
You barely miss the rat. You headbutt the rat, but do no damage.
The rat closely misses you.
You barely miss the rat. The rat bites you but does no damage.
You hit the rat.
You kill the rat!
You hit the worm.
The worm is moderately wounded.
The worm bites you.
You barely miss the worm. Your headbutt misses the worm.
The worm is lightly wounded.
The worm bites you.
A worm comes into view.
You hit the worm.
The worm is moderately wounded.
You hit the worm.
The worm is heavily wounded.
You hear the slow rusting of a drain.
The worm bites you but does no damage.
You hit the worm. You headbutt the worm.
You kill the worm!
Found 6 stones.
You enter the shallow water.
Moving in this stuff is going to be slow.
Found a ring mail.
The worm misses you.
Your unstable footing causes you to fumble your attack.
The worm bites you!
* * * LOW HITPOINT WARNING * * *
A demonic guardian appears!
You are too injured to fight recklessly!
Your white imp hits the worm.
Your white imp freezes the worm.
Casting: Beastly Appendage (safe; 11% risk of failure)
Confirm with . or Enter, or press ? or * to list all spells.
Your feet morph into talons.
Your white imp gestures at the worm.
The puff of frost hits the worm.
You barely miss the worm. You claw the worm. Your punch misses the worm.
The worm is severely wounded.
You hit the worm. Your headbutt misses the worm.
The worm is severely wounded.
Your white imp hits the worm.
Your white imp freezes the worm.
The worm dies!
You swap places.
There is a glowing drain here.
You start resting.
Your transformation is almost over.
Magic restored.
You start resting.
Your white imp disappears in a puff of smoke!
Your talons disappear.
You hear the slow rusting of a drain.
You start resting.
HP restored.
The world spins around you as you enter the gateway.
You enter a sewer!
Found a gate leading back out of this place.
There is an empty arch of ancient stone here.
You enter the shallow water.
Moving in this stuff is going to be slow.
A river rat comes into view.
A river rat is nearby!
A river rat is nearby!
The river rat barely misses you.
Your feet morph into talons.
The river rat barely misses you.
You barely miss the river rat. The river rat bites you.
You closely miss the river rat. Your kick misses the river rat.
The river rat bites you.
You hit the river rat. Your kick misses the river rat.
The river rat is lightly wounded.
Your transformation is almost over.
The river rat bites you.
You are too injured to fight recklessly!
You are too injured to fight recklessly!
You are too injured to fight recklessly!
You are too injured to fight recklessly!
You are too injured to fight recklessly!
You are too injured to fight recklessly!
You are too injured to fight recklessly!
You hit the river rat. Your kick misses the river rat.
The river rat is severely wounded.
The river rat barely misses you.
You hit the river rat.
The river rat is almost dead.
The river rat bites you!
* * * LOW HITPOINT WARNING * * *
You hit the river rat but do no damage.
The river rat is almost dead.
The river rat bites you!
* * * LOW HITPOINT WARNING * * *
A demonic guardian appears!
You hit the river rat.
You kill the river rat!
You start resting.
Magic restored.
You start resting.
Your talons disappear.
Your white imp disappears in a puff of smoke!
HP restored.
You enter the shallow water.
Moving in this stuff is going to be slow.
You see here a river rat corpse.
An endoplasm comes into view.
An endoplasm is nearby!
An endoplasm is nearby!
A river rat and 2 endoplasms come into view.
The helpless endoplasm fails to defend itself.
You hit the endoplasm. You headbutt the endoplasm.
You kill the endoplasm!
The endoplasm quivers.
The endoplasm freezes you.
You are frozen.
You resist.
You punch the endoplasm!
You kill the endoplasm!
The endoplasm freezes you.
You are frozen.
You resist.
You hit the endoplasm.
You kill the endoplasm!
The river rat completely misses you.
You hit the river rat.
The river rat is severely wounded.
The river rat bites you.
You hit the river rat.
You kill the river rat!
Your Unarmed Combat skill increases to level 5!
No target in view!
An endoplasm comes into view.
An endoplasm is nearby!
The endoplasm quivers.
You enter the shallow water.
Moving in this stuff is going to be slow.
The endoplasm closely misses you.
You hit the endoplasm.
You kill the endoplasm!
No target in view!
No target in view!
No target in view!
No target in view!
No target in view!
No target in view!
No target in view!
No target in view!
No target in view!
No target in view!
No target in view!
No target in view!
A ball python comes into view.
A ball python is nearby!
The ball python hisses angrily.
You closely miss the ball python. The ball python bites you.
The ball python grabs you. The ball python constricts you.
You closely miss the ball python. You headbutt the ball python.
You kill the ball python!
No target in view!
No target in view!
No target in view!
No target in view!
No target in view!
No target in view!
No target in view!
No target in view!
No target in view!
You enter the shallow water.
Moving in this stuff is going to be slow.
You see here a ball python corpse.
A river rat comes into view.
A river rat is nearby!
The river rat closely misses you.
You hit the river rat but do no damage. The river rat bites you!
You closely miss the river rat. The river rat closely misses you.
You hit the river rat but do no damage. The river rat closely misses you.
You barely miss the river rat. The river rat closely misses you.
You closely miss the river rat. The river rat bites you.
You are too injured to fight recklessly!
You are too injured to fight recklessly!
You are too injured to fight recklessly!
You are too injured to fight recklessly!
A river rat is nearby!
Casting: Beastly Appendage (safe; 11% risk of failure)
Confirm with . or Enter, or press ? or * to list all spells.
You miscast Beastly Appendage.
You are very lightly contaminated with residual magic.
Nothing appears to happen.
The river rat misses you.
You hit the river rat.
The river rat is severely wounded.
The river rat closely misses you.
You hit the river rat but do no damage. Your punch misses the river rat.
The river rat is severely wounded.
The river rat misses you.
You hit the river rat but do no damage.
The river rat is severely wounded.
The river rat bites you.
You hit the river rat.
The river rat is almost dead.
The river rat barely misses you.
You closely miss the river rat. Your headbutt misses the river rat.
Your punch misses the river rat.
The river rat is almost dead.
You closely miss the river rat. Your headbutt misses the river rat.
The river rat is almost dead.
The river rat bites you!
* * * LOW HITPOINT WARNING * * *
A demonic guardian appears!
You hit the river rat.
You kill the river rat!
Your magical contamination has completely faded away.
You start resting.
Magic restored.
You start resting.
Your quasit disappears in a puff of smoke!
HP restored.
You enter the shallow water.
Moving in this stuff is going to be slow.
A ball python comes into view.
A ball python is nearby!
A ball python is nearby!
An endoplasm comes into view.
You enter the shallow water.
Moving in this stuff is going to be slow.
The ball python hisses angrily.
The endoplasm quivers.
The ball python barely misses you. The ball python grabs you.
The ball python constricts you.
Casting: Beastly Appendage (safe; 11% risk of failure)
Confirm with . or Enter, or press ? or * to list all spells.
Your feet morph into talons.
The ball python bites you. The ball python constricts you.
The ball python barely misses you. The ball python constricts you.
You closely miss the ball python.
You claw the ball python, but do no damage.
The endoplasm closely misses you. The ball python bites you.
The ball python constricts you.
You barely miss the ball python. The ball python bites you.
The ball python constricts you. The endoplasm barely misses you.
You closely miss the ball python. You claw the ball python.
You kill the ball python!
The endoplasm hits you but does no damage.
You hit the endoplasm. You claw the endoplasm. You headbutt the endoplasm.
You kill the endoplasm!
No target in view!
No target in view!
No target in view!
No target in view!
No target in view!
No target in view!
No target in view!
No target in view!
No target in view!
No target in view!
No target in view!
No target in view!
Your transformation is almost over.
Magic restored.
Your talons disappear.
You see here a ball python corpse.
You enter the shallow water.
Moving in this stuff is going to be slow.
You enter the shallow water.
Moving in this stuff is going to be slow.
An endoplasm comes into view.
The endoplasm quivers.
An endoplasm is nearby!
An endoplasm is nearby!
An endoplasm is nearby!
A giant cockroach comes into view.
A river rat and a frilled lizard come into view.
The frilled lizard hisses angrily.
A giant cockroach comes into view.
The endoplasm freezes you.
You are frozen.
You resist. The endoplasm freezes you.
You are frozen.
You resist.
Your unstable footing causes you to fumble your attack.
The giant cockroach splashes around in the water.
The endoplasm closely misses you.
You hit the endoplasm. You headbutt the endoplasm.
You kill the endoplasm!
The giant cockroach bites you.
The giant cockroach splashes around in the water.
You punch the giant cockroach!
You kill the giant cockroach!
Your unstable footing causes you to fumble your attack.
The river rat bites you but does no damage.
You closely miss the river rat. The river rat bites you.
The frilled lizard bites you but does no damage.
Your unstable footing causes you to fumble your attack.
The frilled lizard bites you. The river rat closely misses you.
The river rat attacks as you move away! The river rat bites you.
The frilled lizard bites you but does no damage.
Casting: Beastly Appendage (safe; 11% risk of failure)
Confirm with . or Enter, or press ? or * to list all spells.
Your feet morph into talons.
The frilled lizard bites you. The river rat bites you.
* * * LOW HITPOINT WARNING * * *
You hit the river rat. Your kick misses the river rat.
The river rat is lightly wounded.
The frilled lizard bites you.
* * * LOW HITPOINT WARNING * * *
The river rat bites you.
* * * LOW HITPOINT WARNING * * *
You hit the river rat but do no damage. You claw the river rat.
The river rat is moderately wounded.
The giant cockroach closely misses you. The river rat closely misses you.
The frilled lizard completely misses you.
You hit the river rat but do no damage.
You headbutt the river rat, but do no damage.
The river rat is moderately wounded.
The giant cockroach bites you but does no damage.
The river rat bites you!
* * * LOW HITPOINT WARNING * * *
A demonic guardian appears!
The frilled lizard closely misses you.
You hit the river rat. You claw the river rat.
The river rat is heavily wounded.
The giant cockroach closely misses you.
Your ufetubus barely misses the giant cockroach.
Your ufetubus closely misses the giant cockroach.
The frilled lizard bites you.
* * * LOW HITPOINT WARNING * * *
The river rat bites you!
You die...

#~†#
#....†..~#
#..#
#.~..~~~.#
#~.#
##########
#..##
#.~~#
##~.##
#~~~###
#.~~~.##
##..~~@##
###.Brl#
##5~†~~..#
##~~~.~##
#.~~~##
#~.~~.~
.~~.~...
~~#..~~.~
~##...#~.


You could see a river rat, a giant cockroach (ally target), a frilled lizard and
a friendly ufetubus (summoned).

Vanquished Creatures
  3 adders (D:2)
  3 river rats (Sewer)
  2 worms
  3 dart slugs
  An orc (D:3)
  9 endoplasms
  2 giant cockroaches
  2 goblins
  5 hobgoblins
  7 jackals
  2 quokkas (D:1)
  8 ball pythons
  4 bats
  2 frilled lizards
  3 kobolds (D:1)
  4 rats
60 creatures vanquished.

Vanquished Creatures (collateral kills)
  A worm (D:3)
1 creature vanquished.

Grand Total: 61 creatures vanquished

Notes
Turn   | Place    | Note
-------+----------+-------------------------------------------
     0 | D:1      | sleeves the Demonspawn Transmuter began the quest for the
                  | Orb.
     0 | D:1      | Reached XP level 1. HP: 15/15 MP: 3/3
    67 | D:1      | HP: 7/15 [kobold/+0 dagger (2)]
   178 | D:1      | You fall into a shaft and drop 1 floor!
   200 | D:2      | Reached skill level 3 in Unarmed Combat
   226 | D:2      | HP: 7/15 [worm (8)]
   230 | D:2      | Mutation became permanent: You have a pair of small horns
                  | on your head. [demonic ancestry]
   230 | D:2      | Gained mutation: You have a pair of horns on your head.
                  | [demonic ancestry]
   230 | D:2      | Reached XP level 2. HP: 10/21 MP: 3/5
   321 | D:2      | Found a faded altar of an unknown god.
   769 | D:1      | Gained mutation: You have a pair of horns on your head.
                  | [demonic ancestry]
   769 | D:1      | Reached XP level 3. HP: 26/26 MP: 6/6
   802 | D:1      | Reached skill level 4 in Unarmed Combat
  1450 | D:2      | Gained mutation: A weak demonic guardian rushes to your
                  | aid. [demonic ancestry]
  1450 | D:2      | Reached XP level 4. HP: 19/32 MP: 5/7
  1562 | D:2      | Found Addaog's Book Shop.
  1766 | D:3      | Found a glowing drain.
  1784 | D:3      | HP: 16/32 [worm (8)]
  1847 | Sewer    | Entered a sewer
  1865 | Sewer    | HP: 13/32 [river rat (9)]
  1866 | Sewer    | HP: 6/32 [river rat (7)]
  1980 | Sewer    | Reached skill level 5 in Unarmed Combat
  2021 | Sewer    | HP: 12/32 [river rat (7)]
  2161 | Sewer    | HP: 16/32 [river rat (2)]
  2164 | Sewer    | HP: 5/32 [river rat (7)]
  2165 | Sewer    | Mangled by a river rat

Illustrated notes

Levels and vault maps discovered:
D:1:      nagdon_arrival_double_spiral, layout_basic
D:2:      layout_basic, shapermc_ecumenical_altar_ellora, serial_shops,
          nicolae_square_shop
D:3:      lemuel_castle_with_subvaults [lemuel_castle_interior_carwin_2],
          layout_rooms, nicolae_elyvilon_temple_path,
          grunt_temple_overflow_open, cheibrodos_sewer_entry_drain,
          serial_shops, nicolae_shop_bloodbath_and_beyond, uniq_terence,
          uniq_grinder
Sewer:    sewer_hellmonk_slimy_pipes

Skill      XL: |  1  2  3  4 |
---------------+-------------+-----
Unarmed Combat | 3 4 5 |  5.1
Fighting       | |  1.0
Dodging        | |  1.7
Spellcasting   | |  2.0
Transmutations | |  1.7

Action                   |  1- 3 |  4- 6 || total
-------------------------+-------+-------++-------
Melee: Unarmed           |   113 |    75 ||   188
       Kick              |     7 |     8 ||    15
       Punch             |     5 |     1 ||     6
       Headbutt          |    13 |     9 ||    22
 Cast: Beastly Appendage |     6 |     5 ||    11
 Stab: Sleeping          |       |     1 ||     1
Armor: Robe              |    18 |    10 ||    28
Dodge: Dodged            |    72 |    38 ||   110

Table legend: (Time is in decaauts)
 A = Elapsed time spent in this place.
 B = Non-inter-level travel time spent in this place.
 C = Inter-level travel time spent in this place.
 D = Time resting spent in this place.
 E = Time spent auto-exploring this place.
 F = Levels seen in this place.
 G = Mean time per level.
                   A        B        C        D        E       F      G
               +--------+--------+--------+--------+--------+-----+--------+
         Total |   2159 |   2010 |    149 |    236 |   1386 |   4 |  539.8 |
       Dungeon |   1836 |   1687 |    149 |     55 |   1317 |   3 |  612.0 |
         Sewer |    323 |    323 |      0 |    181 |     69 |   1 |  323.0 |
               +--------+--------+--------+--------+--------+-----+--------+

Top non-repeatable levels by time:
     D:2: 889 daAuts
     D:1: 826 daAuts
   Sewer: 323 daAuts
     D:3: 121 daAuts
